 Dungeon Sprint DCSS version 0.19-a0-1268-g6c5d9f8 (webtiles) character file.

28 Duffy the Magician (level 2, -6/13 HPs)
             Began as a Deep Elf Ice Elementalist on Aug 29, 2016.
             Mangled by a water elemental (19 damage)
             ... in the Dungeon (Sprint III: "The Ten Rune Challenge").
             The game lasted 00:01:13 (532 turns).

Duffy the Magician (Deep Elf Ice Elementalist)       Turns: 532, Time: 00:01:14

Health: -6/13      AC:  3    Str:  5    XL:     2   Next: 96%
Magic:  8/11       EV: 13    Int: 19    God:
Gold:   15         SH:  0    Dex: 15    Spells: 1 memorised, 12 levels left

rFire  . . .     SeeInvis .     (no weapon)
rCold  . . .     Gourm    .     a - +0 robe
rNeg   . . .     Faith    .     (no shield)
rPois  .         Spirit   .     j - +0 helmet
rElec  .         Dismiss  .     (no cloak)
rCorr  .         Reflect  .     (no gloves)
MR     .....     Harm     .     (no boots)
Stlth  ++........ NoTele   +    (no amulet)
                                (no ring)
                                (no ring)

@: no status effects
A: hooves 1, frail 1, screaming 1, MP-powered wands
a: no special abilities


You were in the Dungeon.
You were not hungry.

You visited 1 branch You collected 15 gold pieces.

Inventory:

Armour
 a - a +0 robe (worn)
 j - a +0 helmet (worn)
Scrolls
 i - a scroll of blinking
 l - a scroll of holy word {unknown}
 m - 3 scrolls of remove curse
 p - a scroll of torment {unknown}
 r - a scroll of identify
Potions
 d - a potion of curing
 e - a potion of heal wounds
 f - a potion of haste
 g - 2 potions of magic
 o - a potion of cure mutation
 q - a potion of cancellation
 s - 3 potions of flight
Books
 b - a book of Frost

   Spells                             Type                      Level
   a - Freeze                         Ice                          1
   b - Throw Frost                    Conjuration/Ice              2
   c - Ozocubu's Armour               Charms/Ice                   3
   d - Throw Icicle                   Conjuration/Ice              4
   e - Summon Ice Beast               Ice/Summoning                4
Comestibles
 c - a bread ration
 k - 2 royal jellies
 n - 3 fruits


   Skills:
 - Level 2.4 Dodging
 - Level 2.4 Stealth
 + Level 6.3 Spellcasting
   Level 1.1 Conjurations
 + Level 5.5 Ice Magic


You had 12 spell levels left.
You knew the following spells:

 Your Spells              Type           Power        Failure   Level  Hunger
a - Freeze                Ice            ####         1%          1    None


Dungeon Overview and Level Annotations

Branches:
Dungeon (1/1)

Altars:


Innate Abilities, Weirdness & Mutations

You have large cloven feet.
You are frail. (-10% HP)
You occasionally shout uncontrollably at your foes.
You expend magic power (3 MP) to strengthen your wands.


Message History

The water elemental is lightly damaged.
The water elemental barely misses you.
Casting: Freeze
Confirm with . or Enter, or press ? or * to list all spells.
Aiming: Freeze
Press: ? - help, Shift-Dir - straight line, f/p - water elemental
Aim: a water elemental (lightly damaged)
You freeze the water elemental.
The water elemental is moderately damaged.
The water elemental completely misses you.
Casting: Freeze
Confirm with . or Enter, or press ? or * to list all spells.
Aiming: Freeze
Press: ? - help, Shift-Dir - straight line, f/p - water elemental
Aim: a water elemental (moderately damaged)
You freeze the water elemental.
The water elemental is heavily damaged.
The water elemental hits you!!
Ouch! That really hurt!
You die...

####### ### ..#...####
##.# ..#.%....#####..#
.##.......#..#..#
#.##.##...#..#..###+#+##
#.##.###..##'#..#.......
.####.##..###...@.}.....
###..##..####...#E..####
.....##..###....#.}.#
##%.##...##.....#...#
#..##....#......#+###
..###..##.#.....# ..#
#..#####....# ### ####
######


You could see a water elemental.

Vanquished Creatures
  A human (D)
  An ooze (D)
  A phantom (D)
  3 rats (D)
6 creatures vanquished.

Vanquished Creatures (others)
  2 draconian scorchers (D)
  6 hellions (D)
  A yaktaur (D)
  3 plants (D)
12 creatures vanquished.

Grand Total: 18 creatures vanquished

Notes
Turn   | Place    | Note
-------+----------+-------------------------------------------
     0 | D        | Duffy the Deep Elf Ice Elementalist began the quest for the Orb.
     0 | D        | Reached XP level 1. HP: 10/10 MP: 6/6
    11 | D        | Reached skill level 4 in Spellcasting
    85 | D        | Killed a hellion
    85 | D        | Killed a hellion
    85 | D        | Killed a hellion
   117 | D        | Killed a yaktaur
   177 | D        | Killed a white draconian scorcher
   281 | D        | Reached XP level 2. HP: 15/15 MP: 9/9
   286 | D        | Killed a white draconian scorcher
   306 | D        | Killed a hellion
   306 | D        | Killed a hellion
   345 | D        | Killed a hellion
   348 | D        | Reached skill level 6 in Spellcasting
   348 | D        | Reached skill level 5 in Ice Magic
   526 | D        | Gained mutation: You have large cloven feet. [potion of mutation]
   526 | D        | Gained mutation: You are frail. (-10% HP) [potion of mutation]
   526 | D        | Gained mutation: You occasionally shout uncontrollably at your foes. [potion of mutation]
   527 | D        | Gained mutation: Scrolls take you a little longer to read. [potion of mutation]
   527 | D        | Lost mutation: Scrolls take you a little longer to read. [potion of mutation]
   527 | D        | Gained mutation: You expend magic power (3 MP) to strengthen your wands. [potion of mutation]
   528 | D        | Noticed a water elemental
   532 | D        | Mangled by a water elemental

Vault maps used:
D:        dungeon_sprint_mu

Skill      XL: |  1  2 |
---------------+-------+-----
Spellcasting   | 4 6 |  6.3
Ice Magic      | 4 5 |  5.5
Dodging        | |  2.4
Stealth        | |  2.4
Conjurations   | |  1.1

Action                   || total
-------------------------++-------
Melee: Unarmed           ||     8
 Cast: Freeze            ||    18
  Use: Potion            ||     3
       Scroll            ||     3
Armor: Robe              ||     1
Dodge: Dodged            ||    18
